 Dungeon Crawl Stone Soup version 0.28.0 (webtiles) character file.

Game seed: 4729718202490211674

28 Kaptain the Digger (level 3, 0/25 HPs)
             Began as a Vampire Earth Elementalist on Feb 18, 2022.
             Succumbed to an adder's poison
             ... on level 2 of the Dungeon.
             The game lasted 00:03:49 (1128 turns).

Kaptain the Digger (Vampire Earth Elementalist)     Turns: 1128, Time: 00:03:51

Health: 0/25       AC:  3    Str:  7    XL:     3   Next: 0%
Magic:  2/6        EV: 12    Int: 19    God:
Gold:   12         SH:  0    Dex: 14    Spells: 5/6 levels left

rFire   . . .      SeeInvis +   f - +0 long sword
rCold   . . .      Faith    .   (no shield)
rNeg    . . .      Spirit   .   b - +0 robe
rPois   .          Reflect  .   (no helmet)
rElec   .          Harm     .   (no cloak)
rCorr   .          Rampage  .   (no gloves)
Will    .....                   i - +0 pair of boots
Stlth   ++........              (no amulet)
HPRegen 0.28/turn               (no ring)
MPRegen 0.10/turn               (no ring)

@: lethally poisoned (0 -> -1), healing quickly
A: alive, fangs 3, see invisible, vampiric 2
a: Exsanguinate


You were on level 2 of the Dungeon.
You visited 1 branch of the dungeon, and saw 2 of its levels.

You collected 12 gold pieces.

Inventory:

Hand Weapons
 f - a +0 long sword (weapon)
Missiles
 c - 18 stones
Armour
 b - a +0 robe (worn)
 e - a +0 tower shield
 i - a +0 pair of boots (worn)
Jewellery
 d - a +6 ring of dexterity
Scrolls
 g - a scroll of identify {unknown}
 h - a scroll of teleportation {unknown}
Potions
 a - a potion of might {unknown}


   Skills:
 + Level 0.5 Fighting
 + Level 0.4 Armour
 + Level 2.5 Dodging
 + Level 3.2 Stealth
 * Level 2.3 Spellcasting
 - Level 1.1 Transmutations
 * Level 3.3 Earth Magic


You had 5 spell levels left.
You knew the following spells:

 Your Spells              Type           Power      Damage    Failure   Level
a - Sandblast             Erth           30%        2d9       4%          1

Your spell library contained the following spells:

 Spells                   Type           Power      Damage    Failure   Level
 Passwall                 Tmut/Erth      8%         N/A       10%         2
 Corpse Rot               Necr/Air       4%         N/A       24%         2
 Stone Arrow              Conj/Erth      16%        3d8       24%         3
 Petrify                  Tmut/Erth      10%        N/A       54%         4
 Dispel Undead            Necr           2%         3d7       85%         4
 Death Channel            Necr           1%         N/A       100%        6


Dungeon Overview and Level Annotations

Branches:
Dungeon (2/15)

Altars:
Wu Jian


Innate Abilities, Weirdness & Mutations

Your natural rate of healing is accelerated.
You have razor-sharp teeth.
You have supernaturally acute eyesight. (SInv)
You are afflicted with vampirism and can become a bat while bloodless.


Message History

Confirm with . or Enter, or press ? or * to list all spells.
Aiming: Sandblast (safe; 4% risk of failure)
Press: ? - help, Shift-Dir - straight line, f - dart slug
Aim: a dart slug (100% to hit)
The blast of sand hits the dart slug.
The dart slug is moderately wounded.
You feel sick. The dart slug launches a dart at you. The slug dart hits you.
* * * LOW HITPOINT WARNING * * *
Unknown command.
Casting: Sandblast (safe; 4% risk of failure)
Confirm with . or Enter, or press ? or * to list all spells.
Aiming: Sandblast (safe; 4% risk of failure)
Press: ? - help, Shift-Dir - straight line, f/p - dart slug
Aim: a dart slug (moderately wounded, 100% to hit)
The blast of sand hits the dart slug!
You kill the dart slug!
* * * LOW HITPOINT WARNING * * *
You feel sick.
You have reached level 3!
Your experience leads to an increase in your attributes!
Increase (S)trength, (I)ntelligence, or (D)exterity?
You feel clever. x2
You can now turn into a vampire bat when bloodless.
Okay, then.
Keep bloodletting?
* * * LOW HITPOINT WARNING * * *
You feel sick.
You begin bloodletting.
You continue bloodletting.
* * * LOW HITPOINT WARNING * * *
You feel sick.
You continue bloodletting.
* * * LOW HITPOINT WARNING * * *
You feel sick.
You continue bloodletting.
* * * LOW HITPOINT WARNING * * *
You feel sick.
You continue bloodletting.
You die...

#### #..# #.. ###
#†.# #... ..#
#..## #...##..##
#...# #..##@...#
#.#.# #..##.††.##
#.#.####
#..#......#
##.#....##
#..#..##..#
#..####..# #....##
....# ..##
##.###..#####.####
.## #...#........#
.# ###.#.########
.# #...#


There were no monsters in sight!

Vanquished Creatures
  An adder (D:2)
  A dart slug (D:2)
  2 endoplasms (D:1)
  A hobgoblin (D:1)
  A quokka (D:1)
  2 ball pythons (D:1)
  4 bats
  2 frilled lizards (D:1)
  2 kobolds (D:2)
  3 rats
19 creatures vanquished.

Notes
Turn   | Place    | Note
-------+----------+-------------------------------------------
     0 | D:1      | Kaptain the Vampire Earth Elementalist began the quest for
                  | the Orb.
     0 | D:1      | Reached XP level 1. HP: 13/13 MP: 3/3
   379 | D:1      | Reached XP level 2. HP: 19/19 MP: 5/5
  1043 | D:2      | Found an ornate altar of the Wu Jian Council.
  1124 | D:2      | Gained mutation: You are afflicted with vampirism and can
                  | become a bat while bloodless. [Vampire growth]
  1124 | D:2      | Reached XP level 3. HP: 4/25 MP: 2/6
  1126 | D:2      | HP: 1/25 [poisoned by an adder]
  1128 | D:2      | Succumbed to an adder's poison

Illustrated notes

Levels and vault maps discovered:
D:1:      ncdulo_lavacross, layout_basic, minmay_misc_feat_pillars
D:2:      layout_rooms, basic_altar, hellmonk_ecumenical_altar_crossroads,
          minmay_misc_feat_x

Action                   || total
-------------------------++-------
Melee: Unarmed           ||    12
       Long sword        ||    33
       Bite              ||     3
 Cast: Sandblast         ||    12
 Abil: Exsanguinate      ||     1
 Stab: Sleeping          ||     4
Armor: Robe              ||    19
Dodge: Dodged            ||    49
